 Dungeon Crawl Stone Soup version 0.31-a0-826-ga5cc291a1b (webtiles) character file.

Game seed: 4358870725406941763

72 qw the Shooter (level 4, -6/28 HPs)
             Began as a Gargoyle Hunter on Sept 23, 2023.
             Killed by divine providence
             ... invoked by an orc priest
              (12 damage)
             ... on level 3 of the Dungeon.
             The game lasted 00:00:37 (1613 turns).

qw the Shooter (Gargoyle Hunter)                    Turns: 1613, Time: 00:00:37

Health: -6/28      AC:  6    Str: 15    XL:     4   Next: 25%
Magic:  4/4        EV: 11    Int:  9    God:
Gold:   115        SH:  0    Dex: 15    Spells: 3/3 levels left

rFire   . . .        Y - +0 shortbow
rCold   . . .        (shield currently unavailable)
rNeg    + . .        c - +0 leather armour
rPois   inf          (no helmet)
rElec   +            (no cloak)
rCorr   .            (no gloves)
SInv    .            (no boots)
Will    .....        (no amulet)
Stlth   +            (no ring)
HPRegen 0.24/turn    (no ring)
MPRegen 0.09/turn

%: no passive effects
@: confused
A: sickness immunity, AC +3, negative energy resistance 1, electricity
resistance, torment resistance 1, petrification resistance
a: no special abilities


You were on level 3 of the Dungeon.
You visited 1 branch of the dungeon, and saw 3 of its levels.

You collected 115 gold pieces.


Innate Abilities, Weirdness & Mutations

You are immune to sickness and miasma.
Your stone body is resilient. (AC +3)
You are immune to poison.
You resist negative energy. (rN+)
You are resistant to electric shocks. (rElec)
You are resistant to unholy torment.
You are immune to petrification.


   Skills:
 - Level 3.1 Fighting
 + Level 5.2 Ranged Weapons
 - Level 1.5 Dodging
 - Level 1.1 Stealth


You had 3 spell levels left.
You didn't know any spells.
Your spell library was empty.

Inventory:

Hand Weapons
 Y - a +0 shortbow (weapon)
Armour
 c - a +0 leather armour (worn)
Jewellery
 b - an amulet of guardian spirit
Scrolls
 a - a scroll of vulnerability {unknown}
Potions
 d - a potion of might {unknown}
 e - a potion of haste
 g - a potion of magic {unknown}

Dungeon Overview and Level Annotations

Branches:
Dungeon (3/15)

Altars:
Yredelemnul

Annotations:
D:2 1 runed translucent door, Crazy Yiuf


Message History

The endoplasm jiggles.
You shoot an arrow. The arrow closely misses the orc.
The arrow closely misses the orc wizard.
The arrow hits the orc.
The orc is heavily wounded.
The orc closely misses you.
Enter note:
1601 |||
Found retreat position at -2,1 (floor) with 0 blocking monsters and 1 monsters attacking at destination at distance 2
1601 ||| Stepping ~*~*~tactically~*~*~ (retreating).
The orc attacks as it pursues you! The orc hits you but does no damage.
Enter note:
1602 |||
Found retreat position at -1,0 (floor) with 0 blocking monsters and 1 monsters attacking at destination at distance 1
1602 ||| Stepping ~*~*~tactically~*~*~ (retreating).
The orc priest casts a cantrip, but nothing happens.
You shoot an arrow. The arrow hits the orc.
The orc is heavily wounded.
The orc hits you with a +0 dagger. The orc hits you but does no damage.
You shoot an arrow. The arrow hits the orc!
You kill the orc!
The orc priest calls upon Beogh to heal the orc.
The orc's wounds heal themselves!
You shoot an arrow. The arrow hits the orc wizard.
The orc wizard is heavily wounded.
The orc wizard hits you with a +0 dagger.
You shoot an arrow. The arrow barely misses the orc wizard.
The arrow hits the endoplasm.
The endoplasm is lightly wounded.
The orc wizard casts a spell at you.
You are confused.
The orc wizard hits you but does no damage.
The orc wizard hits you but does no damage.
The orc wizard closely misses you.
The orc wizard points at you and mumbles some strange words.
You are more confused.
The orc wizard hits you with a +0 dagger.
The orc wizard hits you but does no damage.
The orc wizard closely misses you.
The orc priest invokes the aid of Beogh against you.
Beogh smites you!
You die...

##.# ##.... ##...
#..# . ##.. #.## ...
###.# .... #...# ##.
.... #.### #.... ....
#.# ####.....#
###.########ooo.#
#.....##..@oJ#......#
#........#####.###...
#......### o. .
#......# #..
#........ ..#
#.....#### ...
.......# ....
......... .......##


You could see an orc priest, an orc wizard, 2 orcs and an endoplasm.

Vanquished Creatures
  3 adders
  A worm (D:3)
  2 orcs (D:3)
  4 endoplasms
  A giant cockroach (D:1)
  6 goblins
  5 hobgoblins
  3 kobolds (D:1)
  A quokka (D:3)
  3 ball pythons
  3 bats (D:1)
  5 rats
37 creatures vanquished.

Notes
Turn   | Place    | Note
-------+----------+-------------------------------------------
     0 | D:1      | qw the Gargoyle Hunter began the quest for the Orb.
     0 | D:1      | Reached XP level 1. HP: 12/12 MP: 1/1
     0 | D:1      | 0 ||| qw: Version: 0.3-a-83-gcd0e7d8
     0 | D:1      | 0 ||| qw: Game counter: 1863
     0 | D:1      | 0 ||| qw: Melee chars always use a shield: true
     0 | D:1      | 0 ||| qw: God list: Okawaru
     0 | D:1      | 0 ||| qw: Allow faded altars: false
     0 | D:1      | 0 ||| qw: Do Orc after clearing Dungeon:15 true
     0 | D:1      | 0 ||| qw: Do second Lair branch before Depths: true
     0 | D:1      | 0 ||| qw: Lair rune preference: random
     0 | D:1      | 0 ||| qw: Goals: Normal
     0 | D:1      | 0 ||| PLANNING D:1-11
   158 | D:1      | Reached XP level 2. HP: 12/17 MP: 2/2
   533 | D:1      | 533 ||| READING 3 scrolls labelled TEBBIGETTA.
   552 | D:1      | 552 ||| DROPPING 2 scrolls of blinking.
   553 | D:1      | 553 ||| DROPPING scroll of butterflies.
   638 | D:2      | Reached skill level 5 in Ranged Weapons
   638 | D:2      | Reached XP level 3. HP: 21/21 MP: 3/3
   783 | D:2      | Found a basalt altar of Yredelemnul.
  1004 | D:2      | Found a runed translucent door.
  1005 | D:2      | Noticed Crazy Yiuf
  1290 | D:2      | 1290 ||| READING scroll labelled FYSUFF GEEMAHU.
  1291 | D:2      | 1291 ||| READING scroll labelled ATOADO MAATRIE.
  1352 | D:2      | 1352 ||| READING scroll labelled ISCHEA DEAVYEP.
  1353 | D:2      | 1353 ||| READING scroll labelled MYOWOXOSMI.
  1354 | D:2      | 1354 ||| READING scroll labelled WOECHYV OTTEFI.
  1455 | D:2      | 1455 ||| DRINKING 2 dark potions.
  1485 | D:3      | Reached skill level 3 in Fighting
  1485 | D:3      | Reached XP level 4. HP: 28/28 MP: 4/4
  1599 | D:3      | 1599 ||| Stepping ~*~*~tactically~*~*~ (retreating).
  1601 | D:3      | 1601 ||| Stepping ~*~*~tactically~*~*~ (retreating).
  1602 | D:3      | 1602 ||| Stepping ~*~*~tactically~*~*~ (retreating).
  1603 | D:3      | HP: 7/28 [orc/+0 dagger (2)]
  1611 | D:3      | HP: 5/28 [orc wizard/+0 dagger (1)]
  1613 | D:3      | Killed from afar by an orc priest

Levels and vault maps discovered:
D:1:      lightli_molten_gateway, layout_basic
D:2:      layout_basic, basic_altar, uniq_crazy_yiuf_cottage
D:3:      layout_rooms, okawaru_trees_1, minmay_misc_feat_columns

Skill      XL: |  1  2  3 |
---------------+----------+-----
Ranged Weapons | 5 |  5.2
Fighting       | 3 |  3.1
Dodging        | |  1.5
Stealth        | |  1.1

Action                     |  1- 3 |  4- 6 || total
---------------------------+-------+-------++-------
   Fire: Shortbow          |    82 |    37 ||   119
    Use: Scroll            |     6 |       ||     6
         Potion            |     1 |       ||     1
 Armour: Leather armour    |    13 |    21 ||    34
  Dodge: Dodged            |    10 |    14 ||    24

Table legend:
 A = Non-vault XP
 B = Vault XP
 C = Vault XP percentage of total XP
 D = Non-vault monster count
 E = Vault monster count
 F = Vault count percentage of total count
                 A         B        C        D         E       F
            +---------+---------+-------+---------+---------+-------
      Total |     103 |       0 |   0.0 |      37 |       0 |   0.0
            +---------+---------+-------+---------+---------+-------
        D:1 |      29 |       0 |   0.0 |      17 |       0 |   0.0
        D:2 |      42 |       0 |   0.0 |      11 |       0 |   0.0
        D:3 |      32 |       0 |   0.0 |       9 |       0 |   0.0
            +---------+---------+-------+---------+---------+-------
